 Dungeon Crawl Stone Soup version 0.23-a0-370-gf497b7c (webtiles) character file.

7 MisterFreud the Scratcher (level 1, -1/9 HPs)
             Began as a Felid Transmuter on Oct 24, 2018.
             Slain by a jackal (3 damage)
             ... on level 1 of the Dungeon.
             The game lasted 00:01:19 (400 turns).

MisterFreud the Scratcher (Felid Transmuter)         Turns: 400, Time: 00:01:20

Health: -1/9       AC:  1    Str:  6    XL:     1   Next: 91%
Magic:  3/4        EV: 18    Int: 14    God:
Gold:   20         SH:  0    Dex: 16    Spells: 3/4 levels left
                                        Lives:  0   Deaths: 0

rFire    . . .     SeeInvis +     - Unarmed
rCold    . . .     Gourm    .   (shield unavailable)
rNeg     . . .     Faith    .   (armour unavailable)
rPois    .         Spirit   .   (helmet unavailable)
rElec    .         Reflect  .   (cloak unavailable)
rCorr    .         Harm     .   (gloves unavailable)
MR       .....                  (boots unavailable)
Stlth    +++.......             (no amulet)
HPRegen  0.03/turn              (no ring)
MPRegen  0.09/turn              (no ring)

@: appendage (expiring), berserk cooldown, very slightly contaminated, slowed,
slow
A: very small, no armour, no weapons or thrown items, stealth, claws 1, fangs 3,
horns 2, see invisible, carnivore, speed 1, shaggy fur 1, slow metabolism 1,
sharp paws
a: End Transformation


You were on level 1 of the Dungeon.
You were very full.
You had grown temporary horns.
You visited 1 branch of the dungeon, and saw 1 of its levels.

You collected 20 gold pieces.

Inventory:

Missiles
 a - 12 arrows
Potions
 f - a potion of heal wounds
Comestibles
 c - 3 rations


   Skills:
 - Level 1.0 Fighting
 - Level 2.6 Dodging
 + Level 2.4 Stealth
 - Level 3.0 Unarmed Combat
 - Level 2.0 Spellcasting
 - Level 2.1 Transmutations


You had 3 spell levels left.
You knew the following spells:

 Your Spells              Type           Power        Failure   Level  Hunger
a - Beastly Appendage     Tmut           #.....       10%         1    ##.....

Your spell library contained the following spells:

 Spells                   Type           Power        Failure   Level  Hunger
 Sticks to Snakes         Tmut           #.......     14%         2    ###....
 Spider Form              Tmut/Pois      #.........   41%         3    ####...
 Ice Form                 Ice/Tmut       #.......     83%         4    #####..
 Blade Hands              Tmut           #.........   95%         5    ######.


Dungeon Overview and Level Annotations

Branches:
Dungeon (1/15)

Altars:


Innate Abilities, Weirdness & Mutations

You cannot wear armour.
You are incapable of wielding weapons or throwing items.
Your paws allow you to move quietly. (Stealth)
You have sharp claws.
You have razor-sharp teeth.
You have supernaturally acute eyesight. (SInv)
You are carnivorous and can eat meat at any time.
You cover ground quickly.
You are covered in fur. (AC +1)
You have a slow metabolism.
Your sharp claws are effective at attacking unaware monsters.
You have a pair of horns on your head.


Message History

You feel your anger nearly subside.
You barely miss the jackal.
The jackal is moderately wounded.
You completely miss the jackal. Your headbutt misses the jackal.
The jackal is severely wounded.
You barely miss the jackal.
The jackal is severely wounded.
You are too berserk!
You scratch the jackal.
You kill the jackal!
Your Stealth skill increases to level 2!
You claw the jackal!
You kill the jackal!
The hobgoblin misses you.
You closely miss the jackal. Your bite misses the jackal.
The jackal is moderately wounded.
You are no longer berserk.
You are exhausted.
You feel yourself slow down. The jackal bites you.
You die...

*,,,,,,.h......................
**,**,,,..J.###.#g.g............
**,,,,,,,.,,,* #.l...............
,,,,,,,,,,,,,* ######............
**,,***,,.,,,* ### #...........#
*,,** *,,...,* #.####.......÷.#..
,,,****,,....###.................
,,,,,,,,,.......hg.##............
,,,,,,*,,,#.....@#...............
,,***,*,,........†...............
,,* *,,,,####################....
,,*****,,*****,,,,,,,,,,,***##...
,,,,,*,,***,,,*****+*****,,,*##..
,,**,,,**,,*****≈≈≈≈≈≈≈*****,,###
,***,,**,*** *≈≈≈,,,,,≈≈≈* ***.##
,***,**,** *,,,,,,,,,,,* *#.*
***,,**,* ****##+##**** *.*


You could see a jackal and a hobgoblin.

Vanquished Creatures
  A dart slug (D:1)
  A hobgoblin (D:1)
  2 jackals (D:1)
  A bat (D:1)
5 creatures vanquished.

Notes
Turn   | Place    | Note
-------+----------+-------------------------------------------
     0 | D:1      | MisterFreud the Felid Transmuter began the quest for the
                  | Orb.
     0 | D:1      | Reached XP level 1. HP: 9/9 MP: 4/4
    25 | D:1      | Reached skill level 1 in Stealth
   400 | D:1      | Slain by a jackal

Vault maps used:
D:1:      dpeg_arrival_morbid_curiosity, minmay_unequal

Skill      XL: |  1 |
---------------+----+-----
Stealth        | 2 |  2.4
Fighting       | |  1.0
Dodging        | |  2.6
Unarmed Combat | |  3.0
Spellcasting   | |  2.0
Transmutations | |  2.1

Action                   || total
-------------------------++-------
Melee: Unarmed           ||    24
       Headbutt          ||     2
       Bite              ||     2
       Punch             ||     1
 Cast: Beastly Appendage ||     4
  Use: Scroll            ||     3
       Potion            ||     1
  Eat: Chunk             ||     4
Armor: Skin              ||     2
Dodge: Dodged            ||    32

Table legend:
 A = Non-vault XP
 B = Vault XP
 C = Vault XP percentage of total XP
 D = Non-vault monster count
 E = Vault monster count
 F = Vault count percentage of total count
                 A         B        C        D         E       F
            +---------+---------+-------+---------+---------+-------
      Total |      11 |       0 |   0.0 |       5 |       0 |   0.0
            +---------+---------+-------+---------+---------+-------
        D:1 |      11 |       0 |   0.0 |       5 |       0 |   0.0
            +---------+---------+-------+---------+---------+-------
